 Dungeon Crawl Stone Soup version 0.30-a0-867-g305f33218d (webtiles) character file.

Game seed: 4601512328656491623

2510 cforsyth the Thaumaturge (level 9, -1/45 HPs)
             Began as a Deep Elf Earth Elementalist on Mar 10, 2023.
             Was an Initiate of Vehumet.
             Slain by a sky beast (5 damage)
             ... on level 7 of the Dungeon.
             The game lasted 00:08:51 (6246 turns).

cforsyth the Thaumaturge (DEEE)                     Turns: 6246, Time: 00:08:52

Health: -1/45      AC:  4    Str:  9    XL:     9   Next: 28%
Magic:  21/26      EV: 11    Int: 25    God:    Vehumet [......]
Gold:   412        SH:  5    Dex: 12    Spells: 30/31 levels left

rFire   . . .      SeeInvis .    (no weapon)
rCold   . . .      Faith    .    (no shield)
rNeg    . . .      Spirit   .    l - +1 leather armour of Giryecyu {rPois Str+4 Dex-3 Stlth+}
rPois   +          Reflect  +    (no helmet)
rElec   .          Rampage  .    (no cloak)
rCorr   .                        (no gloves)
Will    .....                    (no boots)
Stlth   ++++                     u - amulet of reflection
HPRegen 0.27/turn                y - ring of flight
MPRegen 0.20/turn                z - ring of wizardry

@: flying, studying Stealth, invisible
A: no striking features
a: Renounce Religion


You were on level 7 of the Dungeon.
You worshipped Vehumet.
Vehumet was noncommittal.
You visited 2 branches of the dungeon, and saw 8 of its levels.

You collected 412 gold pieces.

Inventory:

Missiles
 t - a throwing net
Armour
 a - a +0 robe
 l - the +1 leather armour of Giryecyu (worn) {rPois Str+4 Dex-3 Stlth+}
   (You found it on level 3 of the Dungeon)

   Str:       It affects your strength (+4).
   Dex:       It affects your dexterity (-3).
   rPois:     It protects you from poison.
   Stlth:     It makes you more stealthy.
Jewellery
 n - a ring of fire
 r - a ring of fire
 u - an amulet of reflection (around neck)
 y - a ring of flight (left hand)
 z - a ring of wizardry (right hand)
Wands
 v - a wand of mindburst (8)
 w - a wand of roots (13)
Scrolls
 c - a scroll of poison {unknown}
 d - 4 scrolls of identify {unknown}
 f - 3 scrolls of teleportation {unknown}
 h - 2 scrolls of amnesia {unknown}
 j - 4 scrolls of vulnerability {unknown}
 k - 3 scrolls of enchant armour {unknown}
 m - a scroll of noise {unknown}
 s - a scroll of magic mapping {unknown}
 x - a scroll of enchant weapon {unknown}
Potions
 b - a potion of magic
 e - 2 potions of heal wounds {unknown}
 g - 2 potions of invisibility
 i - a potion of might {unknown}
 o - a potion of degeneration {unknown}
 p - a potion of mutation {unknown}
 q - a potion of lignification {unknown}
 A - a potion of haste {unknown}


   Skills:
 - Level 2.4 Dodging
 - Level 6.0 Stealth
 + Level 11.7 Spellcasting
 - Level 1.1 Transmutations
 + Level 10.0 Earth Magic


You had 30 spell levels left.
You knew the following spells:

 Your Spells              Type           Power      Damage    Failure   Level
a - Sandblast             Erth           100%       2d20      1%          1

Your spell library contained the following spells:

 Spells                   Type           Power      Damage    Failure   Level
 Passwall                 Tmut/Erth      35%        N/A       1%          2
 Stone Arrow              Conj/Erth      78%        3d11      1%          3
 Kiss of Death            Conj/Necr      56%        2d9       2%          1
 Shock                    Conj/Air       56%        1d6       2%          1
 Petrify                  Tmut/Erth      42%        N/A       2%          4
 Cigotuvi's Dreadful Rot  Necr/Pois/Air  28%        N/A       3%          2
 Poisonous Vapours        Pois/Air       28%        N/A       3%          2
 Confusing Touch          Hex            14%        N/A       7%          3
 Mephitic Cloud           Conj/Pois/Air  14%        N/A       7%          3
 Tukima's Dance           Hex            14%        N/A       7%          3
 Airstrike                Air            7%         2d(1-17)  22%         4
 Dispel Undead            Necr           14%        3d10      22%         4
 Passage of Golubria      Tloc           14%        N/A       22%         4
 Yara's Violent Unravell  Hex/Tmut       8%         3d5       45%         5
 Freezing Cloud           Conj/Ice/Air   7%         6-21      52%         5
 Storm Form               Tmut/Air       8%         N/A       100%        7
 Chain Lightning          Conj/Air       7%         3d9       100%        9


Dungeon Overview and Level Annotations

Branches:
Dungeon (7/15)             Temple (1/1) D:7

Altars:
Ashenzari
Cheibriados
Dithmenos
Elyvilon
Fedhas
Gozag
Nemelex Xobeh
Okawaru
Qazlal
Trog
Vehumet
Xom
Yredelemnul
Zin


Message History

Deactivating autopickup; reactivate with Ctrl-A.
Your Earth Magic skill increases to level 10!
The blast of sand misses the orc.
The orc hits you with a +0 club. You block the bullfrog's attack.
The blast of sand hits the bullfrog!
The bullfrog is severely wounded.
The bullfrog closely misses you. The orc hits you with a +0 club.
The bullfrog misses you. The orc hits you with a +0 club.
The blast of sand hits the bullfrog!!
You kill the bullfrog!
Vehumet accepts your kill. The orc hits you with a +0 club.
Your life force feels restored.
The blast of sand hits the orc!!
You kill the orc!
Vehumet accepts your kill. Something hits you but does no damage.
Something hits you. Something shocks you.
You can't see any susceptible monsters within range! (Use Z to cast anyway.)
You can't see any susceptible monsters within range! (Use Z to cast anyway.)
Something hits you. Something shocks you. Something hits you.
Something shocks you.
* * * LOW HITPOINT WARNING * * *
Something hits you.
* * * LOW HITPOINT WARNING * * *
Something shocks you.
* * * LOW HITPOINT WARNING * * *
Something hits you but does no damage.
A sky beast appears from thin air!
Reactivating autopickup.
The sky beast barely misses you.
Casting: Sandblast (safe; 1% risk of failure)
Confirm with . or Enter, or press ? or * to list all spells.
Okay, then.
It was a potion of invisibility.
You fade into invisibility!
The sky beast hits you.
* * * LOW HITPOINT WARNING * * *
The sky beast shocks you.
You die...

#.# #.#......# ##.# #..#
#....... #."# .... #.#####.
#.## #..# # #. #.# #).# #. #.#
#).# ####. #.# #..# #.... #[#
#)Y# ####.### #<# #@.#
#......# #.#
#.####.####.##.#.# #.#
########.###..........#.#
#.####.............####.####.#
#..[.(.###..#........##.# #..
#######..............##.####..
#.##..#....#.........#.#
#.##......###..#####....
#.###.#..## ##.# #...#


You could see a sky beast (unable to see you).

Vanquished Creatures
  Sigmund (D:2)
  Eustachio (D:4)
  A water moccasin (D:6)
  2 ice beasts
  2 black bears
  2 sky beasts (D:7)
  2 ogres
  A bullfrog (D:7)
  A gnoll sergeant (D:6)
  Blork the orc (D:4)
  6 wights (D:7)
  3 howler monkeys
  7 hounds
  4 orc priests
  A jelly (D:6)
  Natasha (twice) (D:2)
  3 iguanas
  2 sleepcaps
  3 orc wizards (D:7)
  4 gnolls (D:6)
  3 adders
  A shadow imp (D:6)
  2 worms
  3 dart slugs
  22 orcs
  10 endoplasms
  4 giant cockroaches
  5 goblins
  5 hobgoblins
  8 kobolds
  3 quokkas
  4 ball pythons
  7 bats
  8 frilled lizards
  3 rats
137 creatures vanquished.

Vanquished Creatures (others)
  4 plants
4 creatures vanquished.

Grand Total: 141 creatures vanquished

Notes
Turn   | Place    | Note
-------+----------+-------------------------------------------
     0 | D:1      | cforsyth the Deep Elf Earth Elementalist began the quest
                  | for the Orb.
     0 | D:1      | Reached XP level 1. HP: 10/10 MP: 6/6
   140 | D:1      | Reached XP level 2. HP: 14/15 MP: 2/8
   673 | D:1      | Reached skill level 4 in Spellcasting
   761 | D:1      | Reached XP level 3. HP: 19/19 MP: 6/10
  1467 | D:2      | Noticed Sigmund
  1473 | D:2      | Killed Sigmund
  1474 | D:2      | Reached skill level 6 in Spellcasting
  1474 | D:2      | Reached skill level 5 in Earth Magic
  1474 | D:2      | Reached XP level 4. HP: 24/24 MP: 8/14
  1474 | D:2      | Reached XP level 5. HP: 28/28 MP: 8/15
  1681 | D:2      | Noticed Natasha
  1685 | D:2      | Killed Natasha
  1747 | D:2      | Noticed Natasha
  1755 | D:2      | Killed Natasha
  1756 | D:2      | Reached XP level 6. HP: 32/32 MP: 14/17
  2068 | D:3      | Identified the +1 leather armour of Giryecyu {rPois Str+4
                  | Dex-3 Stlth+}
  2196 | D:3      | Got the Vellum of Clouds
  2613 | D:4      | Reached skill level 7 in Spellcasting
  2727 | D:4      | Noticed Blork the orc
  2735 | D:4      | Killed Blork the orc
  2768 | D:4      | Found an iron altar of Okawaru.
  2861 | D:4      | Reached XP level 7. HP: 36/36 MP: 17/19
  2878 | D:4      | Noticed Eustachio
  2885 | D:4      | Killed Eustachio
  2886 | D:4      | Reached skill level 8 in Spellcasting
  3439 | D:5      | Entered Level 5 of the Dungeon
  3502 | D:5      | Identified the +6 war axe "Mustroterch" {venom, *Noise rC+
                  | MP+9}
  4095 | D:5      | Reached skill level 9 in Spellcasting
  4111 | D:5      | Found a sparkling altar of Nemelex Xobeh.
  4303 | D:6      | Found a broken altar of Ashenzari.
  4320 | D:6      | Reached XP level 8. HP: 4/41 MP: 16/23
  4901 | D:6      | Reached skill level 10 in Spellcasting
  5650 | D:7      | Reached skill level 5 in Stealth
  5766 | D:7      | Reached XP level 9. HP: 45/45 MP: 23/25
  5788 | D:7      | Reached skill level 11 in Spellcasting
  5843 | D:7      | Got the Octavo of Lithomancy and Inhalation
  5977 | D:7      | Found a staircase to the Ecumenical Temple.
  6026 | Temple   | Entered the Ecumenical Temple
  6056 | Temple   | Became a worshipper of Vehumet
  6237 | D:7      | Reached skill level 10 in Earth Magic
  6246 | D:7      | Slain by a sky beast

Illustrated notes

Levels and vault maps discovered:
D:1:      dpeg_arrival_rooms_with_view, layout_loops_ring
D:2:      layout_basic, uniq_sigmund, uniq_natasha
D:3:      layout_rooms, minmay_misc_feat_iff, minmay_fountain_box,
          chequers_serial_rivers_micro_c, serial_bayou_pond_e
D:4:      layout_loops_cross, nicolae_overflow_crystal_walls, serial_rivers,
          chequers_serial_rivers_micro_c, chequers_serial_rivers_micro_d,
          chequers_serial_rivers_large_a, chequers_serial_rivers_small_b,
          serial_bayou_ford_a, uniq_eustachio, uniq_blork_the_orc
D:5:      layout_gridville, nemelex_dance_club_becter
D:6:      layout_loops_ring, cheibrodos_ashenzari_chains
D:7:      layout_loops_ring, minmay_temple_entry_large_hall, serial_shops,
          nicolae_lakefront_shop
Temple:   hellmonk_temple_of_storms

Skill      XL: |  1  2  3  4  5  6  7  8  9 |
---------------+----------------------------+-----
Spellcasting   | 4 6 7 9 10 11 | 11.7
Earth Magic    | 4 5 6 8 9 10 | 10.0
Stealth        | 5 6 |  6.0
Dodging        | |  2.4
Transmutations | |  1.1

Action                     |  1- 3 |  4- 6 |  7- 9 || total
---------------------------+-------+-------+-------++-------
  Melee: Unarmed           |     2 |       |       ||     2
   Cast: Sandblast         |    58 |    56 |   105 ||   219
    Use: Potion            |       |       |     1 ||     1
 Armour: Robe              |     4 |     2 |       ||     6
         Leather armour    |       |     1 |    13 ||    14
  Dodge: Dodged            |     8 |    11 |    29 ||    48
  Block: Other             |       |       |     4 ||     4

Table legend: (Time is in decaauts)
 A = Elapsed time spent in this place.
 B = Non-inter-level travel time spent in this place.
 C = Inter-level travel time spent in this place.
 D = Time resting spent in this place.
 E = Time spent auto-exploring this place.
 F = Levels seen in this place.
 G = Mean time per level.
                   A        B        C        D        E       F      G
               +--------+--------+--------+--------+--------+-----+--------+
         Total |   6372 |   6131 |    241 |    173 |   5122 |   8 |  796.5 |
       Dungeon |   6330 |   6100 |    230 |    173 |   5105 |   7 |  904.3 |
        Temple |     41 |     30 |     11 |      0 |     17 |   1 |   41.0 |
               +--------+--------+--------+--------+--------+-----+--------+

Top non-repeatable levels by time:
     D:6: 1228 daAuts
     D:1: 1058 daAuts
     D:4: 1019 daAuts
     D:5: 838 daAuts
     D:2: 823 daAuts
     D:7: 748 daAuts
     D:3: 613 daAuts
  Temple: 41 daAuts
